 Dungeon Crawl Stone Soup version 0.31-a0-1111-ga3525b893c (webtiles) character file.

Game seed: 16196695096459491622

111834 night the Marksdemigod (level 15, -1/128 HPs)
             Began as a Demigod Hunter on Dec 3, 2023.
             Slain by a radroach simulacrum (4 damage)
             ... on level 1 of the Spider Nest.
             The game lasted 01:28:53 (28016 turns).

night the Marksdemigod (Demigod Hunter)            Turns: 28016, Time: 01:28:54

Health: -1/128     AC: 11    Str: 12    XL:     15   Next: 62%
Magic:  18/18      EV: 36    Int: 11    God:
Gold:   2170       SH:  8    Dex: 37    Spells: 14/14 levels left

rFire   . . .        a - +0 hand cannon
rCold   . . .        A - +0 buckler
rNeg    . . .        i - +3 leather armour {Will+}
rPois   +            q - +0 helmet
rElec   .            f - +0 cloak
rCorr   .            M - +2 pair of gloves
SInv    .            (no boots)
Will    ++...        j - amulet of the acrobat
Stlth   +++          g - +5 ring of evasion
HPRegen 0.41/turn    u - ring of poison resistance
MPRegen 0.16/turn

%: acrobat
@: no status effects
A: high MP 1, forlorn, divine attributes
a: no special abilities


You were on level 1 of the Spider Nest.
You visited 5 branches of the dungeon, and saw 24 of its levels.
You also visited: Bailey and Ice Cave.

You collected 2170 gold pieces.

Inventory:

Hand Weapons
 a - a +0 hand cannon (weapon)
 E - a +0 orcbow
 V - a +0 arbalest
Missiles
 I - 4 throwing nets
Armour
 f - a +0 cloak (worn)
 i - a +3 leather armour of willpower (worn)
 l - a +2 ring mail of cold resistance
 q - a +0 helmet (worn)
 A - a +0 buckler (worn)
 M - a +2 pair of gloves (worn)
Jewellery
 g - a +5 ring of evasion (left hand)
 j - an amulet of the acrobat (around neck)
 k - a ring of see invisible
 p - a ring of resist corrosion
 u - a ring of poison resistance (right hand)
 v - a ring of fire
 w - a +6 ring of dexterity
 y - a +6 ring of intelligence
 C - a ring of protection from cold
 X - a ring of willpower
Talismans
 P - a granite talisman
Wands
 d - a wand of flame (26)
 h - a wand of iceblast (25)
 z - a wand of light (6)
 F - a wand of digging (7)
 S - a wand of polymorph (5)
 T - a wand of charming (1)
Scrolls
 b - 2 scrolls of butterflies
 c - a scroll of fear
 B - 2 scrolls of revelation
 G - 7 scrolls of teleportation
 H - 3 scrolls of enchant weapon
 J - 2 scrolls of enchant armour
 L - a scroll of fog
 O - a scroll of amnesia
 R - a scroll of blinking
 W - 2 scrolls of poison
Potions
 e - 2 potions of lignification
 m - 4 potions of heal wounds
 n - 7 potions of mutation
 o - 4 potions of invisibility
 r - 5 potions of enlightenment
 s - 11 potions of curing
 t - 4 potions of magic
 x - 2 potions of haste
 D - a potion of brilliance
 K - 2 potions of might
 N - a potion of berserk rage
 U - a potion of resistance
 Y - a potion of attraction
 Z - 2 potions of ambrosia


   Skills:
 + Level 10.5 Fighting
 - Level 19.3 Ranged Weapons
 + Level 14.7 Dodging
 - Level 0.8 Stealth
 * Level 3.3 Shields
 - Level 5.4 Shapeshifting


You had 14 spell levels left.
You didn't know any spells.
Your spell library contained the following spells:

 Spells                   Type           Power      Damage    Failure   Level
 Ensorcelled Hibernation  Hex/Ice        0%         N/A       67%         2
 Jinxbite                 Hex            0%         N/A       67%         2
 Scorch                   Fire           0%         2d5       67%         2
 Frozen Ramparts          Ice            0%         1d1       88%         3
 Inner Flame              Hex/Fire       0%         N/A       88%         3
 Anguish                  Hex/Necr       0%         N/A       99%         4
 Cause Fear               Hex            0%         N/A       99%         4
 Flame Wave               Conj/Fire      0%         2d4       99%         4
 Metabolic Englaciation   Hex/Ice        0%         N/A       100%        5
 Yara's Violent Unravell  Hex/Tmut       0%         3d3       100%        5
 Simulacrum               Ice/Necr       0%         N/A       100%        6
 Summon Cactus Giant      Summ           0%         N/A       100%        6
 Enfeeble                 Hex            0%         N/A       100%        7
 Malign Gateway           Summ/Tloc      0%         N/A       100%        7
 Summon Horrible Things   Summ           0%         N/A       100%        8


Dungeon Overview and Level Annotations

Branches:
Dungeon (15/15)            Temple (1/1) D:5            Lair (5/5) D:10
 Shoals (0/4) Lair:2       Spider (1/4) Lair:2        Slime (0/5) Lair:5
    Orc (2/2) D:12            Elf (0/3) Orc:2        Vaults (0/5) D:13
 Depths (0/4) D:15         Bailey (visited)           IceCv (visited)

Shops:
D:4 (   D:7 =   D:12 [   D:15 [   Orc:2 ((((

Annotations:
D:8 3 runed translucent doors, flestrin's ghost, novice DgCj
Lair:5 exclusion: 2 doors


Innate Abilities, Weirdness & Mutations

You have an increased reservoir of magic. (+10% MP)
You shall have no god before yourself.
Your divine heritage dramatically boosts your attributes as you level up.


Message History

The jumping spider completely misses you. x2
The jumping spider simulacrum completely misses you. x2
The jumping spider leaps! x2
The jumping spider simulacrum attacks as it pursues you!
The jumping spider simulacrum completely misses you. x2
You shoot a bolt.
The bolt hits the jumping spider simulacrum!!
The jumping spider simulacrum vaporises!
The jumping spider leaps!
The jumping spider is engulfed in freezing vapours.
The jumping spider pounces on you!
* * * LOW HITPOINT WARNING * * *
The jumping spider completely misses you.
You shoot a bolt. The bolt hits the jumping spider!!
The jumping spider is almost dead.
The jumping spider is engulfed in freezing vapours.
The jumping spider dies!
You shoot a bolt.
The bolt hits the jumping spider simulacrum!
The jumping spider simulacrum is moderately damaged.
You block the jumping spider simulacrum's attack.
The jumping spider simulacrum completely misses you.
The jumping spider simulacrum misses you.
The jumping spider simulacrum completely misses you.
You shoot a bolt.
The bolt hits the jumping spider simulacrum!!
The jumping spider simulacrum vaporises!
You shoot a bolt. The bolt hits the radroach simulacrum.
The radroach simulacrum is lightly damaged.
The radroach simulacrum completely misses you.
The radroach simulacrum claws you.
* * * LOW HITPOINT WARNING * * *
The radroach simulacrum freezes you!!
* * * LOW HITPOINT WARNING * * *
You shoot a bolt.
The bolt hits the radroach simulacrum but does no damage.
The radroach simulacrum is lightly damaged.
The radroach simulacrum completely misses you.
The radroach simulacrum claws you.
You die...

###...#........#
###....#....†..# ###
##.....##.......#
###.#
##.........Z##..##
##...####..........##
....#
##......#.........Z##
...##
###..................#
.###
#...†.†............Z##
..
.....#####..#.#.....@#
.. †......#
##.####[...## #.
###...## ### ##.### #
##### ###


You could see a radroach simulacrum.

Vanquished Creatures
  Roxanne (D:14)
  An orc warlord (Orc:2)
  A reaper (IceCv)
  Josephine (Orc:2)
  A fire dragon (D:15)
  A yaktaur captain (D:13)
  Erolcha (D:12)
  3 hydras
  Fannar (D:11)
  9 death yaks
  2 boulder beetles
  A deep troll earth mage (D:15)
  8 two-headed ogres
  4 orc high priests (Orc:2)
  3 centaur warriors
  A merfolk avatar (Lair:5)
  A radroach (Spider:1)
  A tengu warrior (D:15)
  A demonic crawler (Spider:1)
  Lodul (D:14)
  A sea snake (Lair:5)
  3 skeletal warriors (D:13)
  2 pharaoh ants (Spider:1)
  2 steelbarb worms (Spider:1)
  A harpy (Lair:2)
  9 orc knights
  A phantasmal warrior (D:15)
  6 orc sorcerers
  2 deep elf pyromancers
  An oklob plant (Lair:3)
  4 wolf spiders (Spider:1)
  3 manticores
  7 cyclopes
  13 ugly things
  Joseph (D:7)
  21 elephants
  5 kobold blastminers (Orc:2)
  2 ice statues (IceCv)
  A moth of wrath (Spider:1)
  4 black mambas
  2 gargoyles (D:11)
  12 cane toads
  A kobold demonologist (D:11)
  11 komodo dragons
  5 rime drakes
  3 torpor snails
  2 freezing wraiths (D:14)
  Jeremiah (D:6)
  8 ice devils
  An unseen horror (D:11)
  A tengu conjurer (D:15)
  An efreet (D:14)
  2 yaktaurs (D:13)
  2 hornets
  10 trolls
  A wind drake (Lair:5)
  3 polar bears
  Prince Ribbit (D:8)
  16 blink frogs
  3 tarantellas (Spider:1)
  A blink frog (shapeshifter) (D:9)
  9 dream sheep
  4 jumping spiders (Spider:1)
  A centaur simulacrum (D:15)
  A shadow (D:12)
  9 slime creatures
  4 culicivoras (Spider:1)
  5 wraiths
  6 wyverns
  46 yaks
  7 basilisks
  Grum (D:8)
  16 redbacks
  2 steam dragons (Lair:5)
  4 vampire mosquitoes (D:14)
  A harpy simulacrum (IceCv)
  2 wargs
  13 water moccasins
  A swamp drake (D:10)
  2 hydra simulacra (IceCv)
  4 sky beasts (D:7)
  3 ice beasts
  2 black bears
  38 orc warriors
  22 ogres
  12 wolves
  11 centaurs
  12 bullfrogs
  A kobold brigand (D:7)
  2 gnoll sergeants
  2 cane toad simulacra (IceCv)
  6 scorpions
  4 wights (D:8)
  9 killer bees
  An elephant simulacrum (IceCv)
  6 howler monkeys
  2 electric eels (Lair:2)
  3 jellies
  3 hounds
  23 orc priests
  Jessica (D:2)
  5 hell rats
  An iguana (D:5)
  A sleepcap (D:6)
  18 orc wizards
  3 troll simulacra (IceCv)
  3 spriggan simulacra (IceCv)
  A polar bear simulacrum (IceCv)
  12 gnolls
  9 adders
  3 naga simulacra (IceCv)
  6 white imps
  An ufetubus (IceCv)
  4 worms
  3 dart slugs (D:1)
  96 orcs
  5 bats
  4 endoplasms
  4 giant cockroaches
  11 goblins
  9 hobgoblins
  6 quokkas
  5 ball pythons
  3 frilled lizards
  15 kobolds
  6 rats
754 creatures vanquished.

Vanquished Creatures (collateral kills)
  An orc (Orc:2)
1 creature vanquished.

Vanquished Creatures (others)
  A troll (Orc:2)
  A jumping spider (Spider:1)
2 creatures vanquished.

Grand Total: 757 creatures vanquished

Notes
Turn   | Place    | Note
-------+----------+-------------------------------------------
     0 | D:1      | night the Demigod Hunter began the quest for the Orb.
     0 | D:1      | Reached XP level 1. HP: 17/17 MP: 3/3
    53 | D:1      | Reached skill level 2 in Dodging
   120 | D:1      | Reached XP level 2. HP: 24/24 MP: 4/4
   121 | D:1      | Reached skill level 4 in Ranged Weapons
   722 | D:2      | Reached XP level 3. HP: 29/29 MP: 5/5
   743 | D:2      | Noticed Jessica
   749 | D:2      | Killed Jessica
  1450 | D:3      | Reached XP level 4. HP: 36/36 MP: 6/6
  1871 | D:3      | Reached skill level 5 in Ranged Weapons
  2124 | D:4      | Reached XP level 5. HP: 41/41 MP: 7/7
  2162 | D:4      | Found Anelug's Antique Weapon Shoppe.
  2728 | D:5      | Entered Level 5 of the Dungeon
  2821 | D:5      | Noticed an ice beast
  2830 | D:5      | Killed an ice beast
  2831 | D:5      | Reached skill level 6 in Ranged Weapons
  2831 | D:5      | Reached XP level 6. HP: 48/48 MP: 8/8
  2907 | D:5      | Found a staircase to the Ecumenical Temple.
  2928 | Temple   | Entered the Ecumenical Temple
  3353 | D:5      | Reached XP level 7. HP: 53/53 MP: 9/9
  3413 | D:5      | Reached skill level 7 in Ranged Weapons
  3774 | D:6      | Noticed Jeremiah
  3808 | D:6      | Killed Jeremiah
  3809 | D:6      | Reached skill level 8 in Ranged Weapons
  3809 | D:6      | Reached skill level 5 in Dodging
  3976 | D:6      | Reached XP level 8. HP: 60/60 MP: 10/10
  4647 | D:7      | Reached skill level 9 in Ranged Weapons
  4827 | D:7      | Noticed Joseph
  4850 | D:7      | Killed Joseph
  5009 | D:7      | Found Yptuab's Jewellery Shop.
  5082 | D:7      | Reached skill level 10 in Ranged Weapons
  5082 | D:7      | Reached XP level 9. HP: 60/67 MP: 11/11
  5233 | D:8      | Found a flagged portal.
  5246 | Bailey   | Entered a bailey
  5285 | Bailey   | Noticed an orc knight
  5325 | Bailey   | Killed an orc knight
  5326 | Bailey   | Reached skill level 11 in Ranged Weapons
  5511 | Bailey   | Found a large runed translucent door.
  5511 | Bailey   | Found a large runed translucent door.
  5512 | Bailey   | Noticed a deep elf pyromancer
  5591 | Bailey   | Killed a deep elf pyromancer
  5963 | D:8      | Noticed Prince Ribbit
  5966 | D:8      | Noticed a two-headed ogre
  5982 | D:8      | Killed Prince Ribbit
  5989 | D:8      | Killed a two-headed ogre
  5990 | D:8      | Reached XP level 10. HP: 15/73 MP: 13/13
  6202 | D:8      | Noticed Grum
  6209 | D:8      | Reached skill level 12 in Ranged Weapons
  6237 | D:8      | Killed Grum
  6346 | D:8      | Found a runed translucent gate.
  6346 | D:8      | Found a runed translucent gate.
  6346 | D:8      | Found a runed translucent gate.
  6347 | D:8      | Noticed a ten-headed hydra
  6347 | D:8      | Noticed flestrin's ghost (novice DgCj)
  7242 | D:9      | Reached skill level 13 in Ranged Weapons
  7443 | D:9      | Noticed a centaur warrior
  7453 | D:9      | Killed a centaur warrior
  7922 | D:10     | Entered Level 10 of the Dungeon
  7988 | D:10     | Noticed a two-headed ogre
  7994 | D:10     | Killed a two-headed ogre
  8405 | D:10     | Reached XP level 11. HP: 79/79 MP: 14/14
  8546 | D:10     | Found a staircase to the Lair.
  8673 | D:10     | Noticed Maurice
  8848 | D:10     | Maurice changed into Maurice the wolf
  8848 | D:10     | Noticed Maurice
  8852 | D:10     | Killed Maurice the wolf
  8956 | D:10     | Reached skill level 10 in Dodging
  8964 | D:10     | Reached skill level 14 in Ranged Weapons
  9251 | Lair:1   | Entered Level 1 of the Lair of Beasts
 10591 | Lair:1   | Reached skill level 15 in Ranged Weapons
 10734 | Lair:2   | Reached skill level 2 in Fighting
 10850 | Lair:2   | Found a frozen archway.
 10880 | IceCv    | Entered an ice cave
 11546 | IceCv    | Reached XP level 12. HP: 88/88 MP: 15/15
 11946 | IceCv    | Noticed a reaper
 12194 | IceCv    | Killed a reaper
 12393 | IceCv    | Got the Teachings on Hail
 12974 | Lair:2   | Found a hole to the Spider Nest.
 12983 | Lair:2   | Identified the +4 dagger of Deschuw {heavy, *Rage rElec
                  | rN+++ rCorr}
 13083 | Lair:2   | Found a staircase to the Shoals.
 13094 | Lair:2   | Reached skill level 16 in Ranged Weapons
 13713 | Lair:3   | Reached skill level 5 in Fighting
 14585 | Lair:4   | Reached skill level 12 in Dodging
 14778 | Lair:4   | Reached XP level 13. HP: 80/102 MP: 16/16
 15062 | Lair:4   | Reached skill level 17 in Ranged Weapons
 15257 | Lair:4   | Identified the +4 plate armour of Boredom {Dex+3}
 15897 | Lair:5   | Entered Level 5 of the Lair of Beasts
 16387 | Lair:5   | Found the +4 skin of Zhor {*Englaciate rC+++ SInv}
 16467 | Lair:5   | HP: 13/104 [steam dragon (4)]
 17765 | Lair:5   | Reached skill level 18 in Ranged Weapons
 18096 | Lair:5   | Found a staircase to the Slime Pits.
 18261 | Lair:5   | Reached XP level 14. HP: 59/114 MP: 17/17
 19102 | D:11     | Noticed Fannar
 19107 | D:11     | Killed Fannar
 19391 | D:12     | Found a staircase to the Orcish Mines.
 19526 | D:12     | Noticed Erolcha
 19535 | D:12     | Killed Erolcha
 19584 | D:12     | Found Kimit's Armour Boutique.
 20998 | D:13     | Found a gate to the Vaults.
 21220 | D:13     | Identified the +2 long sword "Jonusuc" {spect, +Blink Str+3
                  | Int-2 Dex+9}
 22033 | D:14     | Noticed Roxanne
 22052 | D:14     | Killed Roxanne
 22053 | D:14     | Reached skill level 19 in Ranged Weapons
 22296 | D:14     | Noticed Lodul
 22317 | D:14     | Killed Lodul
 22576 | D:15     | Entered Level 15 of the Dungeon
 22667 | D:15     | Reached skill level 1 in Shapeshifting
 23178 | D:15     | Found Isiosi's Antique Armour Boutique.
 23494 | D:15     | Found a staircase to the Depths.
 23502 | D:15     | Reached skill level 14 in Dodging
 23531 | D:15     | Reached skill level 2 in Shapeshifting
 24096 | Orc:1    | Entered Level 1 of the Orcish Mines
 24236 | Orc:2    | Entered Level 2 of the Orcish Mines
 24442 | Orc:2    | Noticed Josephine
 24444 | Orc:2    | Reached XP level 15. HP: 125/125 MP: 18/18
 24449 | Orc:2    | Killed Josephine
 25020 | Orc:2    | Found a staircase to the Elven Halls.
 25448 | Orc:2    | Reached skill level 10 in Fighting
 25545 | Orc:2    | Found Dubaew's Weapon Boutique.
 25554 | Orc:2    | Found Fatygg's Weapon Shop.
 26038 | Orc:2    | Reached skill level 5 in Shapeshifting
 26098 | Orc:2    | Found Rihi's Weapon Shop.
 26135 | Orc:2    | Found Parigol's Weapon Boutique.
 27225 | Spider:1 | Entered Level 1 of the Spider Nest
 27468 | Spider:1 | Identified the +11 quarterstaff of Ashenzari's Grace
                  | {antimagic, Fly}
 27547 | Spider:1 | Reached skill level 1 in Shields
 27740 | Spider:1 | Reached skill level 2 in Shields
 28015 | Spider:1 | HP: 3/128 [radroach simulacrum (24)]
 28016 | Spider:1 | Slain by a radroach simulacrum

Illustrated notes

Levels and vault maps discovered:
D:1:      mrwooster_arrival_statue_3, layout_basic, minmay_octomino_c4
D:2:      layout_loops_cross, uniq_jessica
D:3:      layout_basic, due_unseen_surprise
D:4:      layout_loops_ring, okawaru_altar_gauntlet_db, kennysheep_mini_moat,
          serial_shops, shop, minivault_27, nicolae_figureground_pulse
D:5:      layout_loops_corners, minmay_temple_entry_grid, corexii_shack
D:6:      layout_gridville, mainiacjoe_overflow_paths, uniq_jeremiah
D:7:      layout_basic, serial_shops, shop, uniq_joseph
D:8:      layout_cave_pools, bloody_trog, kennysheep_little_box,
          amethyst_overflow_temple_binary, enter_bailey_3,
          gammafunk_ghost_hydra_chop, chequers_serial_rivers_micro_e, uniq_grum,
          uniq_prince_ribbit1
D:9:      layout_stronghold
D:10:     layout_long_grid, erik_lair_dragon, serial_glass, glass_columns_a,
          glass_columns_b, amethyst_killhole, uniq_maurice
D:11:     layout_roguey, uniq_fannar
D:12:     layout_cave_pods, david_orc_3, serial_shops, nicolae_shop_scrapyard,
          uniq_erolcha
D:13:     layout_roguey, david_vaults_2, vehumet_altar_wand_db
D:14:     layout_rooms, minivault_24, nicolae_dithmenos_through_a_glass_darkly,
          uniq_lodul, uniq_roxanne
D:15:     hellmonk_depths_entry_around_the_bend, layout_irregular_city,
          tso_altar, serial_shops, shop
Temple:   regret_index_temple_generic_petals
Lair:1:   layout_hall_layers
Lair:2:   layout_misc_corridors, nicolae_shoals_entry_roost,
          nicolae_spider_entry_non_spiders, portal_ice_cave_demonic_guard,
          nicolae_quartered_pool_little, infiniplex_staircase_pool,
          grunt_megastairs_5, lemuel_fruit_tree
Lair:3:   layout_chaotic_city
Lair:4:   layout_regular_city, serial_bayou_shore_b
Lair:5:   gammafunk_lair_ancient_temple, layout_regular_city,
          dpeg_slime_entry_enclosed, hellmonk_guarded_unrand_zhor
Spider:1: layout_spider_delve
Orc:1:    layout_diamond_mine
Orc:2:    pubby_orc_utopia, serial_shops, uniq_josephine

Skill      XL: |  1  2  3  4  5  6  7  8  9 10 11 12 13 14 15 |
---------------+----------------------------------------------+-----
Dodging        | 2 3 4 5 6 8 9 11 12 13 14 | 14.7
Ranged Weapons | 4 5 6 8 10 11 13 15 16 18 19 | 19.3
Fighting       | 2 5 7 9 10 | 10.5
Shapeshifting  | 2 5 |  5.4
Shields        | 3 |  3.3
Stealth        | |  0.8

Action                     |  1- 3 |  4- 6 |  7- 9 | 10-12 | 13-15 || total
---------------------------+-------+-------+-------+-------+-------++-------
  Melee: Shortbow          |       |     1 |       |       |       ||     1
         Dagger            |       |       |       |       |     2 ||     2
         Hand cannon       |       |       |       |       |     5 ||     5
   Fire: Shortbow          |   110 |   141 |   252 |       |       ||   503
         Orcbow            |       |       |    73 |  1173 |  1144 ||  2390
         Arbalest          |       |       |       |       |   259 ||   259
         Hand cannon       |       |       |       |       |   546 ||   546
Ability: Begin Untransform |       |       |       |       |     1 ||     1
  Evoke: Wand              |       |       |     7 |     4 |     9 ||    20
    Use: Scroll            |     6 |     2 |     8 |     5 |    10 ||    31
         Potion            |       |       |       |     1 |     2 ||     3
   Stab: Sleeping          |       |       |       |       |     1 ||     1
 Armour: Leather armour    |     9 |    30 |    12 |   142 |   305 ||   498
         Robe              |       |       |    29 |       |       ||    29
         Ring mail         |       |       |       |    84 |       ||    84
  Dodge: Dodged            |    35 |    96 |   120 |   690 |  1306 ||  2247
  Block: Buckler           |       |       |       |       |    69 ||    69
   Form: Statue            |       |       |       |       |     1 ||     1

Table legend: (Time is in decaauts)
 A = Elapsed time spent in this place.
 B = Non-inter-level travel time spent in this place.
 C = Inter-level travel time spent in this place.
 D = Time resting spent in this place.
 E = Time spent auto-exploring this place.
 F = Levels seen in this place.
 G = Mean time per level.
                   A        B        C        D        E       F      G
               +--------+--------+--------+--------+--------+-----+--------+
         Total |  27660 |  26178 |   1482 |   5649 |  14569 |  26 | 1063.8 |
       Dungeon |  14922 |  13896 |   1026 |   2195 |   9281 |  15 |  994.8 |
        Temple |      1 |      1 |      0 |      0 |      0 |   1 |    1.0 |
          Lair |   7663 |   7285 |    378 |   1907 |   3543 |   5 | 1532.6 |
   Spider Nest |    579 |    579 |      0 |      0 |    365 |   1 |  579.0 |
  Orcish Mines |   2459 |   2383 |     76 |    489 |   1164 |   2 | 1229.5 |
        Bailey |    456 |    456 |      0 |    149 |     64 |   1 |  456.0 |
      Ice Cave |   1577 |   1577 |      0 |    908 |    151 |   1 | 1577.0 |
               +--------+--------+--------+--------+--------+-----+--------+

Top non-repeatable levels by time:
   Orc:2: 2294 daAuts
  Lair:5: 2196 daAuts
    D:15: 1798 daAuts
    D:13: 1733 daAuts
  Lair:4: 1627 daAuts
   IceCv: 1577 daAuts
  Lair:1: 1469 daAuts
  Lair:2: 1463 daAuts
    D:10: 1429 daAuts
     D:9: 1338 daAuts
     D:5: 980 daAuts
    D:12: 941 daAuts
     D:8: 913 daAuts
     D:3: 910 daAuts
  Lair:3: 907 daAuts
